[Event "Titled Tuesday Blitz October 25 Late 2022"]
[White "Osiecki, Stanislaw"]
[Black "Tan, Ralph"]
[WhiteFideId "1102990"]
[BlackFideId "30966590"]
[WhiteElo "2088"]
[BlackElo "2059"]
[Result "1-0"]
[Round "11"]
[TimeControl "180+1"]
[Date "2022.10.26"]
[WhiteClock "0:01:49"]
[BlackClock "0:01:35"]

1. e4 e6 2. d4 d5 3. e5 c5 4. c3 Nc6 5. Nf3 Qb6 6. Bd3 Bd7 7. dxc5 Bxc5 8. O-O a5 9. Nbd2 Nge7 10. Nb3 Ng6 11. Nxc5 Qxc5 12. Be3 Qe7 13. Bd4 O-O 14. g3 Nxd4 15. cxd4 f6 16. Bxg6 hxg6 17. exf6 gxf6 18. Qd3 Kg7 19. Nh4 f5 20. Nf3 Bc6 21. Ne5 Rh8 22. Rac1 Rac8 23. Nxc6 bxc6 24. Qe3 Rh5 25. Rfe1 Rch8 26. Qe5+ Kf7 27. Rxc6 Rd8 28. Rxe6 1-0


[Site "https://www.chess.com"]

[Event "Titled Tuesday Blitz October 25 Late 2022"]
[White "Pakleza, Zbigniew"]
[Black "Moreno Perez, Tobias Sebastian"]
[WhiteFideId "1119290"]
[BlackFideId "186716"]
[WhiteElo "2411"]
[BlackElo "2494"]
[Result "1-0"]
[Round "11"]
[TimeControl "180+1"]
[Date "2022.10.26"]
[WhiteClock "0:00:05"]
[BlackClock "0:00:15"]

1. d4 d5 2. Bf4 Nf6 3. e3 c5 4. c3 Nc6 5. Nd2 cxd4 6. cxd4 a6 7. Bd3 Bg4 8. f3 Bd7 9. Ne2 e6 10. O-O Rc8 11. h3 Nb4 12. Bb1 Bb5 13. Nb3 Bd6 14. Bxd6 Qxd6 15. a3 Nc6 16. Bd3 Bxd3 17. Qxd3 O-O 18. Nc5 Rc7 19. Rac1 e5 20. b4 exd4 21. Nxd4 Ne5 22. Qb3 Nc4 23. Rcd1 Re8 24. e4 Qf4 25. Rfe1 Nd6 26. Ne2 Qh4 27. Qe3 Nf5 28. Qf2 Qxf2+ 29. Kxf2 dxe4 30. fxe4 Nxe4+ 31. Nxe4 Rxe4 32. Rd8+ 1-0


[Site "https://www.chess.com"]

[Event "Titled Tuesday Blitz October 25 Late 2022"]
[White "Papasimakopoulos, Alexandros"]
[Black "Abdyzhapar, Asylbek"]
[WhiteFideId "4244125"]
[BlackFideId "13800337"]
[WhiteElo "2357"]
[BlackElo "2323"]
[Result "0-1"]
[Round "11"]
[TimeControl "180+1"]
[Date "2022.10.26"]
[WhiteClock "0:01:43"]
[BlackClock "0:01:56"]

1. d4 Nf6 2. c4 g6 3. Nc3 Bg7 4. e4 d6 5. f3 O-O 6. Nge2 a6 7. Be3 Nbd7 8. Qd2 c5 9. Rd1 b6 10. b3 Bb7 11. g3 cxd4 12. Nxd4 Qc7 13. Bg2 e6 14. O-O Rfd8 15. Rc1 Rac8 16. Rfd1 Qb8 17. h3 Ba8 18. f4 Nc5 19. Qc2 d5 20. e5 Nfe4 21. Nxe4 dxe4 22. a4 Bf8 23. Ra1 Nd3 24. a5 Bc5 25. Qc3 b5 26. Nc2 b4 27. Qd2 Nxf4 28. Qf2 Bxe3 29. Nxe3 Nxg2 30. Kxg2 Qxe5 31. Kh2 h5 32. Rac1 Rd3 33. Rf1 Rc7 34. c5 h4 35. Ng4 hxg3+ 36. Kh1 e3+ 37. Qg2 Bxg2+ 38. Kxg2 0-1


[Site "https://www.chess.com"]

[Event "Titled Tuesday Blitz October 25 Late 2022"]
[White "Perez Cruz, Adianet"]
[Black "Harish, Neeraj"]
[WhiteFideId "3510115"]
[BlackFideId "30958130"]
[WhiteElo "2157"]
[BlackElo "1815"]
[Result "0-1"]
[Round "11"]
[TimeControl "180+1"]
[Date "2022.10.26"]
[WhiteClock "0:01:06"]
[BlackClock "0:00:43"]

1. d4 Nf6 2. Bg5 d5 3. e3 h6 4. Bf4 c5 5. c3 Nc6 6. Nf3 Qb6 7. Qb3 c4 8. Qxb6 axb6 9. Bc7 b5 10. Ne5 Bf5 11. Na3 b4 12. Nb5 e6 13. Nxc6 bxc6 14. Nd6+ Bxd6 15. Bxd6 b3 16. a3 Ne4 17. Bb4 c5 18. dxc5 O-O 19. f3 Nf6 20. g4 Bg6 21. Kf2 Rfc8 22. h4 Nd7 23. Re1 Nxc5 24. Bxc5 Rxc5 25. e4 Rd8 26. e5 d4 27. Rd1 d3 28. Rd2 Rxe5 29. f4 Re4 30. Kf3 f5 31. g5 Bh5+ 32. Kg3 Re3+ 33. Kh2 Rf3 34. Bg2 Rxf4 35. Kg3 Rg4+ 36. Kh3 Rf4 37. Kg3 e5 38. Re1 Rg4+ 39. Kh3 e4 40. Re3 Rxg2 41. Kxg2 Bf3+ 42. Rxf3 exf3+ 43. Kxf3 hxg5 44. hxg5 Kf7 45. Rf2 Kg6 46. Ke3 Kxg5 47. Rg2+ Kf6 48. Kd2 Re8 49. Rg3 Re2+ 50. Kc1 Rc2+ 51. Kd1 Rxb2 52. a4 Ra2 53. Kc1 Rxa4 54. Kb2 Ra2+ 55. Kb1 Rc2 56. Rh3 d2 57. Rh1 Rc1+ 0-1


[Site "https://www.chess.com"]

[Event "Titled Tuesday Blitz October 25 Late 2022"]
[White "Petrovic, Aleksa"]
[Black "Yurovskykh, Oleksandr"]
[WhiteFideId "967629"]
[BlackFideId "14134020"]
[WhiteElo "2242"]
[BlackElo "2303"]
[Result "1-0"]
[Round "11"]
[TimeControl "180+1"]
[Date "2022.10.26"]
[WhiteClock "0:00:04"]
[BlackClock "0:00:03"]

1. e4 d5 2. Nc3 d4 3. Nce2 e5 4. Ng3 Be6 5. N1e2 h5 6. Rg1 h4 7. Nh1 Nc6 8. d3 Qd7 9. f4 f6 10. f5 Bf7 11. g4 hxg3 12. hxg3 Bb4+ 13. Kf2 Nh6 14. Bh3 g5 15. a3 Bd6 16. Qf1 O-O-O 17. g4 Rh7 18. Rg3 Rdh8 19. Ng1 Ng8 20. Kg2 Nd8 21. Nf2 c5 22. c4 Ne7 23. Bd2 Nec6 24. Qe1 Qe7 25. Rb1 a6 26. b4 cxb4 27. axb4 b5 28. cxb5 axb5 29. Qc1 Kc7 30. Ra1 Nb7 31. Ra6 Qd7 32. Nf3 Rc8 33. Bxg5 fxg5 34. Nxg5 Rg7 35. Nxf7 Rxf7 36. g5 Rh7 37. f6 Rxh3 38. Nxh3 Kb8 39. g6 Nxb4 40. Rxd6 Qxd6 41. Qg5 Nc2 42. g7 Ne3+ 43. Rxe3 dxe3 44. g8=Q Rxg8 45. Qxg8+ Ka7 46. f7 e2 47. Kf2 Qxd3 48. f8=Q Qd1 49. Qa3+ Kb6 50. Qe3+ Kc6 51. Qd5+ Kc7 52. Qf7+ Kc6 53. Qxe2 Qd4+ 54. Qe3 Qb2+ 55. Kg3 Nc5 56. Qd5+ Kc7 57. Qexc5+ Kb8 58. Qb6+ Kc8 59. Qde6# 1-0


[Site "https://www.chess.com"]

[Event "Titled Tuesday Blitz October 25 Late 2022"]
[White "Phillips, Rene"]
[Black "Martinez Ramirez, Lennis"]
[WhiteFideId "2056275"]
[BlackFideId "3509079"]
[WhiteElo "2044"]
[BlackElo "2374"]
[Result "0-1"]
[Round "11"]
[TimeControl "180+1"]
[Date "2022.10.26"]
[WhiteClock "0:00:55"]
[BlackClock "0:01:46"]

1. Nf3 d5 2. d4 c6 3. Bf4 Nf6 4. e3 g6 5. Nbd2 Bg7 6. Bd3 Nbd7 7. Ne5 O-O 8. h4 Nh5 9. g4 Nxf4 10. exf4 f6 11. Nxd7 Qxd7 12. f3 e5 13. fxe5 fxe5 14. dxe5 Bxe5 15. O-O Qe7 16. Qe2 Bd4+ 17. Kg2 Qxh4 18. Rh1 Qg5 19. c3 Be3 20. Nf1 Bxg4 21. fxg4 Rf2+ 22. Qxf2 Bxf2 23. Kxf2 Qxg4 24. Re1 Rf8+ 25. Ke3 Qf4+ 26. Ke2 Qf3+ 27. Kd2 Qxh1 0-1


[Site "https://www.chess.com"]

[Event "Titled Tuesday Blitz October 25 Late 2022"]
[White "Polster, Christian"]
[Black "Stanisz, Patryk"]
[WhiteFideId "12965081"]
[BlackFideId "1123106"]
[WhiteElo "2209"]
[BlackElo "2069"]
[Result "1-0"]
[Round "11"]
[TimeControl "180+1"]
[Date "2022.10.26"]
[WhiteClock "0:00:15"]
[BlackClock "0:00:01"]

1. e4 c5 2. Nc3 Nc6 3. Nge2 g6 4. d4 cxd4 5. Nxd4 Bg7 6. Be3 d6 7. Qd2 Nf6 8. f3 Qa5 9. O-O-O a6 10. Kb1 Nxd4 11. Bxd4 b5 12. Bxf6 Bxf6 13. Nd5 Qxd2 14. Rxd2 O-O 15. Nxf6+ exf6 16. Rxd6 Kg7 17. c4 Be6 18. cxb5 axb5 19. b3 b4 20. Be2 Rfc8 21. Rhd1 Rc3 22. R1d3 Rc5 23. Rb6 Rac8 24. Rd2 Rc1+ 25. Kb2 Rg1 26. Bd1 Re1 27. Rxb4 Rg1 28. a4 Ra8 29. Rb7 Rh1 30. h3 Rf1 31. Rd6 Re1 32. Rxe6 Rxd1 33. Rc6 Rd2+ 34. Rc2 Rd3 35. Ka3 1-0


[Site "https://www.chess.com"]

[Event "Titled Tuesday Blitz October 25 Late 2022"]
[White "Predke, Alexandr"]
[Black "Howell, David W L"]
[WhiteFideId "24107581"]
[BlackFideId "410608"]
[WhiteElo "2897"]
[BlackElo "2933"]
[Result "0-1"]
[Round "11"]
[TimeControl "180+1"]
[Date "2022.10.26"]
[WhiteClock "0:00:01"]
[BlackClock "0:00:14"]

1. Nf3 g6 2. e4 Bg7 3. d4 c6 4. Bd3 d5 5. e5 Nh6 6. O-O O-O 7. Nc3 f6 8. exf6 exf6 9. Ne2 Nf7 10. h3 Nd6 11. Ng3 Be6 12. Bf4 Bf7 13. Re1 Re8 14. Qd2 a5 15. Bh6 Nd7 16. Bxg7 Kxg7 17. Qf4 Nf8 18. Nh4 Kg8 19. Qh6 Qc7 20. a4 Rxe1+ 21. Rxe1 Re8 22. Rxe8 Bxe8 23. Qe3 Kf7 24. Nf3 Bd7 25. h4 Bg4 26. Nh2 Bc8 27. Qh6 Qb6 28. h5 Qxd4 29. hxg6+ hxg6 30. Nf3 Qxb2 31. Nh4 f5 32. Nf3 Qf6 33. Qf4 Ke7 0-1


[Site "https://www.chess.com"]

[Event "Titled Tuesday Blitz October 25 Late 2022"]
[White "Prydun, Andriy"]
[Black "Graif, William"]
[WhiteFideId "14145898"]
[BlackFideId "2609835"]
[WhiteElo "2163"]
[BlackElo "2205"]
[Result "1-0"]
[Round "11"]
[TimeControl "180+1"]
[Date "2022.10.26"]
[WhiteClock "0:00:07"]
[BlackClock "0:00:01"]

1. e4 e5 2. Nf3 Nf6 3. Nc3 Bc5 4. Nxe5 Nc6 5. Nxc6 dxc6 6. h3 Be6 7. d3 Qe7 8. Qe2 O-O-O 9. Be3 Rhe8 10. g3 Bb4 11. Bg2 Qd7 12. f4 g6 13. a3 Ba5 14. g4 h5 15. g5 Bxc3+ 16. bxc3 Ng8 17. a4 Kb8 18. Qf2 a6 19. Qg3 f6 20. O-O fxg5 21. fxg5 Rf8 22. Rf2 Rxf2 23. Bxf2 Rf8 24. Qe3 b6 25. a5 c5 26. axb6 cxb6 27. Rxa6 Qb7 28. Ra1 Ne7 29. c4 Nc6 30. e5 Qc7 31. Qe4 Bd7 32. e6 Re8 33. Qf3 Rxe6 34. Bg3 Rd6 35. Qf8+ Kb7 36. Bxd6 Qc8 37. Qf7 Qd8 38. Re1 Kc8 39. Re6 Qxg5 40. Bf4 Qh4 41. Re8+ Nd8 42. Rxd8+ Kxd8 43. Qf8+ Be8 44. Qd6+ Bd7 45. Qc7+ Ke8 46. Qe5+ Kd8 47. Bg5+ Qxg5 48. Qxg5+ Kc8 49. Qxg6 1-0


[Site "https://www.chess.com"]

[Event "Titled Tuesday Blitz October 25 Late 2022"]
[White "Roman, Rodrigo"]
[Black "Piesik, Piotr"]
[WhiteFideId "3701220"]
[BlackFideId "1136194"]
[WhiteElo "2001"]
[BlackElo "2323"]
[Result "0-1"]
[Round "11"]
[TimeControl "180+1"]
[Date "2022.10.26"]
[WhiteClock "0:00:03"]
[BlackClock "0:00:08"]

1. e4 g6 2. d4 Bg7 3. Nf3 c6 4. Bd3 d5 5. e5 c5 6. c3 Nc6 7. O-O Bg4 8. dxc5 Nxe5 9. Nxe5 Bxd1 10. Bb5+ Kf8 11. Nd7+ Qxd7 12. Bxd7 Bc2 13. c6 bxc6 14. Bxc6 Rd8 15. Na3 Bf5 16. Be3 a6 17. Rfd1 Nf6 18. Bd4 Bd7 19. Bxd5 Nxd5 20. Bxg7+ Kxg7 21. Rxd5 Be6 22. Rxd8 Rxd8 23. b3 Rd2 24. Kf1 Kf6 25. Ke1 Rb2 26. Nb1 Bf5 27. Nd2 Bd3 28. Kd1 e5 29. a4 Ke6 30. Rc1 f5 31. c4 Kd6 32. Rc3 e4 33. Kc1 Ra2 34. c5+ Kc6 35. g3 g5 36. h3 h6 37. f3 a5 38. g4 Ra1+ 39. Kb2 Rd1 40. Nc4 Bxc4 41. fxe4 fxg4 42. hxg4 Be6 43. Rh3 Kxc5 44. Rxh6 Bxg4 45. Rg6 Be2 46. Rxg5+ Kb6 47. Rd5 Rxd5 48. exd5 Kc5 49. Kc3 Bg4 50. d6 Bd7 51. Kd3 Bc8 52. Kc3 Be6 53. Kb2 Kxd6 54. Ka3 Kc5 55. Kb2 Kb4 56. Kc2 Bf5+ 57. Kb2 Bg6 58. Ka2 Bf7 59. Kb2 Be6 60. Ka1 Ka3 61. Kb1 Bd5 62. Kc2 Ka2 63. Kc3 Bxb3 64. Kd4 Bxa4 65. Kc5 Bd1 66. Kb5 a4 67. Kb4 a3 68. Kc3 Kb1 69. Kd2 a2 0-1


[Site "https://www.chess.com"]

[Event "Titled Tuesday Blitz October 25 Late 2022"]
[White "Romero Ruscalleda, Josep"]
[Black "Curtis, John"]
[WhiteFideId "2231859"]
[BlackFideId "3200256"]
[WhiteElo "2331"]
[BlackElo "2203"]
[Result "1/2-1/2"]
[Round "11"]
[TimeControl "180+1"]
[Date "2022.10.26"]
[WhiteClock "0:00:19"]
[BlackClock "0:00:04"]

1. e4 c5 2. c3 e6 3. d4 d5 4. e5 Bd7 5. Bd3 Qb6 6. dxc5 Bxc5 7. Qe2 a6 8. Nf3 Bb5 9. O-O Bxd3 10. Qxd3 Nc6 11. b4 Bf8 12. a4 Qc7 13. Re1 Nge7 14. Bf4 Ng6 15. Bg3 h5 16. h3 h4 17. Bh2 Rh5 18. Qe2 Rc8 19. Na3 Rh8 20. Rac1 Nxb4 21. Ng5 Nc6 22. Nc2 Nge7 23. Qf3 Nf5 24. Bf4 Be7 25. Qg4 Bxg5 26. Qxg5 g6 27. Nd4 Nfxd4 28. cxd4 Qe7 29. Qg4 Rh5 30. Rc2 Rd8 31. Bd2 Kf8 32. Rb1 Kg8 33. Rcb2 Rd7 34. a5 Na7 35. Bb4 Qg5 36. Qe2 Nb5 37. Bc5 Rc7 38. Rxb5 axb5 39. Qxb5 Kh7 40. Qe8 Qf4 41. Bd6 Rc2 42. Rf1 Rc1 43. Be7 Rxf1+ 44. Kxf1 Rf5 45. f3 Qc1+ 46. Kf2 Qd2+ 47. Kg1 Qe3+ 48. Kh2 Qf4+ 49. Kh1 Qc1+ 50. Kh2 Qf4+ 51. Kh1 Qc1+ 52. Kh2 Qf4+ 1/2-1/2


[Site "https://www.chess.com"]

[Event "Titled Tuesday Blitz October 25 Late 2022"]
[White "Rose, Felix"]
[Black "Lindholt, Malik"]
[WhiteFideId "5105722"]
[BlackFideId "1404490"]
[WhiteElo "2039"]
[BlackElo "2017"]
[Result "0-1"]
[Round "11"]
[TimeControl "180+1"]
[Date "2022.10.26"]
[WhiteClock "0:00:24"]
[BlackClock "0:00:06"]

1. e4 c5 2. Nf3 g6 3. d4 cxd4 4. Qxd4 Nf6 5. Nc3 Nc6 6. Qa4 d6 7. e5 dxe5 8. Nxe5 Bd7 9. Nxd7 Nxd7 10. Bb5 Bg7 11. Bd2 Nd4 12. Bxd7+ Qxd7 13. Qxd7+ Kxd7 14. O-O-O Kc6 15. Be3 Rhd8 16. Rd3 Nf5 17. Rxd8 Rxd8 18. Bd2 a6 19. h4 h5 20. g3 Bd4 21. Nd1 e6 22. c3 Bc5 23. Kc2 b5 24. Re1 Rd5 25. Re4 Nd6 26. Re2 Nc4 27. Bc1 Bb6 28. b3 Nd6 29. Be3 Bc7 30. Bf4 Nf5 31. Bxc7 Kxc7 32. Ne3 Nxe3+ 33. Rxe3 Kc6 34. f4 Kd6 35. Rd3 e5 36. fxe5+ Kxe5 37. Re3+ Kd6 38. Rf3 f5 39. c4 bxc4 40. bxc4 Re5 41. Ra3 a5 42. Rb3 Re2+ 43. Kd3 Rxa2 44. Rb6+ Ke5 45. Rxg6 Ra3+ 46. Kc2 Rf3 47. c5 Rf2+ 48. Kb3 Rf3+ 49. Ka4 Rc3 50. Kb5 a4 51. Kb4 Rc2 52. Ra6 Kd5 53. Rd6+ Ke4 54. c6 Kf3 55. Kxa4 Kxg3 56. Kb5 f4 57. Rd7 f3 58. c7 f2 59. Rg7+ Kxh4 60. Rf7 Kg3 61. Rg7+ Kh4 62. Rf7 Rxc7 63. Rxf2 Kg3 64. Rf8 h4 65. Rg8+ Kf2 66. Rf8+ Kg2 67. Rg8+ Kh2 68. Kb4 h3 69. Kb3 Kh1 70. Kb2 h2 71. Kb3 Rc1 72. Kb2 Rg1 73. Rh8 Rg2+ 74. Kb3 Kg1 75. Ra8 h1=Q 76. Ra1+ Kh2 77. Rxh1+ Kxh1 78. Kc3 Kh2 79. Kd4 Re2 80. Kd3 Re8 81. Kd4 Kg3 82. Kd5 Kf4 83. Kd6 Re2 84. Kd5 Re1 85. Kd4 Rd1+ 86. Kc3 Ke3 87. Kc2 Rd8 88. Kc3 Rc8+ 89. Kb4 Kd4 90. Kb5 Rc1 91. Kb6 Kd5 92. Kb7 Kd6 93. Kb8 Kd7 94. Ka7 Rb1 95. Ka6 Kc6 96. Ka5 Rb8 97. Ka4 Kc5 98. Ka3 Kc4 99. Ka2 Kc3 100. Ka3 Ra8# 0-1


[Site "https://www.chess.com"]

[Event "Titled Tuesday Blitz October 25 Late 2022"]
[White "Sailer, Mike"]
[Black "Rios Escobar, Adan"]
[WhiteFideId "2012901"]
[BlackFideId "3403645"]
[WhiteElo "2109"]
[BlackElo "2368"]
[Result "0-1"]
[Round "11"]
[TimeControl "180+1"]
[Date "2022.10.26"]
[WhiteClock "0:00:29"]
[BlackClock "0:00:46"]

1. d4 Nf6 2. Bf4 g6 3. Nc3 d5 4. Qd2 c6 5. O-O-O b5 6. f3 Qa5 7. Kb1 b4 8. Nxd5 Nxd5 9. Be5 f6 10. Bg3 Be6 11. a3 h5 12. e4 Bh6 13. f4 Nc3+ 14. bxc3 bxc3 15. Qc1 Nd7 16. d5 Rb8+ 17. Ka1 Rb2 18. Qxb2 cxb2+ 19. Kxb2 cxd5 20. exd5 Bxd5 21. Bd3 O-O 22. Nf3 Rb8+ 23. Kc1 Bxf3 24. gxf3 h4 25. Bxg6 hxg3 26. hxg3 Qxa3+ 27. Kd2 Kg7 28. Bd3 Nc5 29. Ke2 Qc3 30. Rd2 Rb2 31. Bf5 Nb3 32. Rd7 Nd4+ 33. Rxd4 Qxd4 0-1


[Site "https://www.chess.com"]

[Event "Titled Tuesday Blitz October 25 Late 2022"]
[White "Saucey, Michel"]
[Black "Liu, Kelsey"]
[WhiteFideId "601845"]
[BlackFideId "30944481"]
[WhiteElo "2253"]
[BlackElo "2280"]
[Result "0-1"]
[Round "11"]
[TimeControl "180+1"]
[Date "2022.10.26"]
[WhiteClock "0:00:09"]
[BlackClock "0:00:11"]

1. d4 Nf6 2. c4 e6 3. Nf3 b6 4. g3 Bb7 5. Bg2 Be7 6. O-O O-O 7. Re1 a5 8. d5 exd5 9. Nh4 c6 10. cxd5 Nxd5 11. Nf5 Bf6 12. e4 Ne7 13. Nd6 Nc8 14. Nxb7 Qc7 15. Bf4 Qxb7 16. e5 Be7 17. Nc3 Na6 18. a3 Nc5 19. h4 a4 20. Rb1 Rd8 21. h5 h6 22. Qg4 Kh8 23. Rbd1 Ne6 24. Bc1 d6 25. f4 dxe5 26. fxe5 b5 27. Ne4 Nb6 28. Nd6 Bxd6 29. exd6 Qd7 30. Bh3 Nc4 31. Qf3 Nxd6 32. Bf4 Qa7+ 33. Be3 Ng5 34. Qg2 Nxh3+ 35. Qxh3 Qd7 36. Qg2 Qf5 37. Qxc6 Rac8 38. Qg2 Qxh5 39. Rd2 Nc4 40. Rxd8+ Rxd8 41. Bc1 Qd5 42. Qxd5 Rxd5 43. Kf2 Kh7 44. Re7 Kg6 45. Rb7 Nxb2 46. Bxb2 Rd2+ 47. Ke3 Rxb2 48. Kd3 Rb3+ 49. Kd4 Rxa3 50. Rxb5 Rxg3 0-1


[Site "https://www.chess.com"]

[Event "Titled Tuesday Blitz October 25 Late 2022"]
[White "Schuster, Karsten"]
[Black "Roberts, Paul"]
[WhiteFideId "4611071"]
[BlackFideId "2400600"]
[WhiteElo "2294"]
[BlackElo "2112"]
[Result "1-0"]
[Round "11"]
[TimeControl "180+1"]
[Date "2022.10.26"]
[WhiteClock "0:02:05"]
[BlackClock "0:01:05"]

1. d4 d5 2. c4 c6 3. cxd5 cxd5 4. Bf4 Nf6 5. Nc3 Nc6 6. e3 a6 7. Bd3 Bg4 8. Nge2 e6 9. O-O Be7 10. Qb3 Na5 11. Qc2 O-O 12. Ng3 Nc6 13. a3 h6 14. h3 Bh5 15. Be5 g6 16. Bxf6 Bxf6 17. Nxh5 gxh5 18. Qe2 Bg7 19. Qxh5 Qg5 20. Qxg5 hxg5 21. Rfc1 Rac8 22. b4 f5 23. b5 axb5 24. Nxb5 Na5 25. Nd6 Rxc1+ 26. Rxc1 Rd8 27. Nb5 Nc6 28. Rb1 Ra8 29. Nc7 Rxa3 30. Be2 Kf7 31. Rxb7 Ra1+ 32. Kh2 Ne7 33. Bh5+ Kg8 34. Nxe6 Bf6 35. Rb8+ Kh7 36. Rf8 1-0


[Site "https://www.chess.com"]

[Event "Titled Tuesday Blitz October 25 Late 2022"]
[White "Shipov, Sergei"]
[Black "Barbero Sendic, Alejandro"]
[WhiteFideId "4113624"]
[BlackFideId "3001288"]
[WhiteElo "2758"]
[BlackElo "2314"]
[Result "1-0"]
[Round "11"]
[TimeControl "180+1"]
[Date "2022.10.26"]
[WhiteClock "0:00:27"]
[BlackClock "0:00:02"]

1. d4 g6 2. c4 Bg7 3. e4 d6 4. Nc3 e5 5. Nge2 Nc6 6. Be3 exd4 7. Nxd4 Nge7 8. h4 f5 9. h5 Ne5 10. Qd2 Ng4 11. Bg5 h6 12. Bxe7 Qxe7 13. O-O-O Qg5 14. f4 Qf6 15. Ndb5 O-O 16. Nxc7 Rb8 17. N7d5 Qe6 18. Re1 Qd7 19. hxg6 b5 20. exf5 b4 21. Ne4 b3 22. a3 Bb7 23. Nec3 Rbe8 24. Bd3 Bd4 25. Kb1 Nf2 26. Rxe8 Qxe8 27. Re1 Qd7 28. Re7 1-0


[Site "https://www.chess.com"]

[Event "Titled Tuesday Blitz October 25 Late 2022"]
[White "Sorokin, Aleksey"]
[Black "Rustemov, Alexander"]
[WhiteFideId "24176460"]
[BlackFideId "4119002"]
[WhiteElo "2476"]
[BlackElo "2802"]
[Result "1-0"]
[Round "11"]
[TimeControl "180+1"]
[Date "2022.10.26"]
[WhiteClock "0:01:27"]
[BlackClock "0:00:23"]

1. c4 c5 2. Nf3 g6 3. Nc3 Bg7 4. e3 Nf6 5. b3 O-O 6. Bb2 d5 7. Nxd5 Nxd5 8. Bxg7 Kxg7 9. cxd5 Qxd5 10. Bc4 Qd6 11. d4 cxd4 12. Qxd4+ Qxd4 13. Nxd4 Bd7 14. Bd5 Nc6 15. Nxc6 Bxc6 16. Bxc6 bxc6 17. Rc1 Rfc8 18. Rc4 a5 19. Kd2 Kf6 20. Kc3 Ke6 21. Rd1 f5 22. e4 f4 23. Rc5 Ra6 24. Rd4 Rc7 25. h4 h6 26. Kd3 Rd7 27. Re5+ Kxe5 28. Rxd7 e6 29. Rh7 h5 30. Rg7 Kf6 31. Rc7 Ke5 32. f3 a4 33. b4 a3 34. Kc4 Rb6 35. Ra7 Kd6 36. Rxa3 Rb7 37. Rd3+ Kc7 38. a4 Rb8 39. e5 g5 40. Rd6 gxh4 41. Rxe6 Rg8 42. Rh6 Rxg2 43. Rxh5 Rh2 44. Rh7+ Kd8 45. a5 h3 46. a6 Ra2 47. a7 h2 48. Rxh2 Rxa7 49. Rh8+ 1-0


[Site "https://www.chess.com"]

[Event "Titled Tuesday Blitz October 25 Late 2022"]
[White "Souleidis, Georgios"]
[Black "Yurtseven, Melih"]
[WhiteFideId "4206827"]
[BlackFideId "6312160"]
[WhiteElo "2401"]
[BlackElo "2218"]
[Result "0-1"]
[Round "11"]
[TimeControl "180+1"]
[Date "2022.10.26"]
[WhiteClock "0:00:01"]
[BlackClock "0:00:04"]

1. e4 e6 2. d4 d5 3. exd5 exd5 4. Nf3 Bd6 5. c4 Nf6 6. c5 Be7 7. Bd3 O-O 8. O-O b6 9. Be3 Ng4 10. Qc2 h6 11. Bf4 Na6 12. Bxa6 Bxa6 13. Re1 bxc5 14. dxc5 d4 15. h3 Nf6 16. Nbd2 Nd5 17. Be5 d3 18. Qa4 Qc8 19. b4 c6 20. Nd4 Qb7 21. Nxc6 Bg5 22. Na5 Qxb4 23. Qxb4 Nxb4 24. Nf3 Nc2 25. Nxg5 hxg5 26. Bd6 Rfc8 27. Red1 Nxa1 28. Rxa1 Bb5 29. Nb3 a5 30. Nd4 Bc4 31. a3 Ra7 32. Rc1 Bd5 33. Rd1 Be4 34. f3 Bg6 35. Kf2 Rb7 36. Rd2 Rb1 37. g4 f6 38. Nf5 Kh7 39. Rxd3 Rc1 40. Re3 Bxf5 41. gxf5 Rc2+ 42. Kg3 Rc4 43. Re7 Rc3 44. Ra7 Rxa3 45. c6 Ra4 46. c7 Rd4 47. Be7 Rd7 0-1


[Site "https://www.chess.com"]

[Event "Titled Tuesday Blitz October 25 Late 2022"]
[White "Szente Varga, Fruzsina"]
[Black "Barash, Anton"]
[WhiteFideId "712264"]
[BlackFideId "30935229"]
[WhiteElo "1994"]
[BlackElo "2279"]
[Result "0-1"]
[Round "11"]
[TimeControl "180+1"]
[Date "2022.10.26"]
[WhiteClock "0:00:31"]
[BlackClock "0:01:21"]

1. e4 e6 2. d4 d5 3. Nd2 Nc6 4. c3 e5 5. dxe5 dxe4 6. Nxe4 Qxd1+ 7. Kxd1 Nxe5 8. f4 Bg4+ 9. Be2 O-O-O+ 10. Kc2 Bf5 11. Bf3 Nxf3 12. gxf3 Nf6 13. Ne2 Nxe4 14. Nd4 Rxd4 15. cxd4 Nf2+ 16. Kd2 Nxh1 17. Ke2 Bb4 18. Be3 Re8 19. Rxh1 Ba5 20. Rg1 g6 21. Rc1 Bb6 22. Kd2 Rd8 23. Kc3 h5 24. b4 Rd5 25. a4 a5 26. Kc4 Be6 27. Kd3 axb4 28. Rb1 Bxd4 29. Bxd4 c5 30. Rc1 Rxd4+ 31. Ke3 b6 32. a5 Kb7 33. axb6 Kxb6 34. Ra1 b3 35. Rb1 Rb4 36. Rb2 Kb5 37. Kd3 Ka4 38. Kc3 Ka3 39. Rb1 b2 0-1


[Site "https://www.chess.com"]

[Event "Titled Tuesday Blitz October 25 Late 2022"]
[White "Szpar, Milosz"]
[Black "Radovic, Luka"]
[WhiteFideId "1184989"]
[BlackFideId "911569"]
[WhiteElo "2422"]
[BlackElo "2257"]
[Result "0-1"]
[Round "11"]
[TimeControl "180+1"]
[Date "2022.10.26"]
[WhiteClock "0:00:13"]
[BlackClock "0:00:02"]

1. e4 c5 2. Nc3 a6 3. g3 b5 4. Bg2 Bb7 5. Nf3 b4 6. Na4 e6 7. d4 Bxe4 8. Nxc5 Bd5 9. O-O d6 10. Nd3 Nc6 11. Nf4 Be4 12. Re1 d5 13. c4 bxc3 14. bxc3 Nf6 15. Qa4 Qd7 16. c4 Bxf3 17. Bxf3 Nxd4 18. Qd1 Nxf3+ 19. Qxf3 Rd8 20. Rb1 Be7 21. Bb2 O-O 22. cxd5 Nxd5 23. Nh5 f6 24. Qg4 g6 25. Rxe6 Nc7 26. Re4 f5 27. Qf4 gxh5 28. Qh6 Rf7 29. Rd4 Qe8 30. Re1 Rxd4 31. Bxd4 Qf8 32. Qc6 Bd6 33. Ba1 Nb5 34. a4 Nc7 35. Rd1 Bc5 36. Rc1 Bb4 37. Rc4 f4 38. Re4 fxg3 39. hxg3 Bc5 40. Re5 Bxf2+ 41. Kh1 Be3 42. Qc4 Bh6 43. Rxh5 Bg7 44. Rg5 Kh8 45. Rxg7 Rxg7 46. Kg2 Qg8 47. Qxc7 Qd5+ 48. Kh3 Qh5+ 49. Kg2 Qd5+ 50. Kh3 Qh1# 0-1


[Site "https://www.chess.com"]

[Event "Titled Tuesday Blitz October 25 Late 2022"]
[White "Thiel, Thomas"]
[Black "Yanayt, Eugene"]
[WhiteFideId "4615964"]
[BlackFideId "2020165"]
[WhiteElo "2230"]
[BlackElo "2046"]
[Result "1-0"]
[Round "11"]
[TimeControl "180+1"]
[Date "2022.10.26"]
[WhiteClock "0:00:19"]
[BlackClock "0:00:01"]

1. e4 g6 2. d4 Bg7 3. Nc3 c5 4. dxc5 Qa5 5. Ne2 Nf6 6. Qd4 Nc6 7. Qc4 Ne5 8. Qb5 Qd8 9. f3 O-O 10. Nd5 e6 11. Nxf6+ Qxf6 12. Bd2 b6 13. Bc3 a6 14. Qxb6 Qh4+ 15. Ng3 f5 16. exf5 gxf5 17. O-O-O Bh6+ 18. Kb1 Nc6 19. Qc7 Rb8 20. Rxd7 Bxd7 21. Qxd7 Nb4 22. Qxe6+ Rf7 23. Bc4 Rb7 24. Qe8+ Bf8 25. Bxf7+ Rxf7 26. Qe6 Qd8 27. Nxf5 Nd5 28. Be5 h5 29. Qg6+ Bg7 30. Nxg7 Ne7 31. Qh6 Qd5 32. f4 Nf5 33. Nxf5 1-0


[Site "https://www.chess.com"]

[Event "Titled Tuesday Blitz October 25 Late 2022"]
[White "Thomforde-Toates, Noah"]
[Black "Storey, Charles H"]
[WhiteFideId "30951992"]
[BlackFideId "406686"]
[WhiteElo "2651"]
[BlackElo "2252"]
[Result "1/2-1/2"]
[Round "11"]
[TimeControl "180+1"]
[Date "2022.10.26"]
[WhiteClock "0:00:05"]
[BlackClock "0:00:10"]

1. d4 g6 2. Nc3 Bg7 3. Bf4 c5 4. dxc5 Na6 5. Nf3 Nxc5 6. e3 Qa5 7. Qd2 Nf6 8. Bd3 O-O 9. O-O Nxd3 10. cxd3 d6 11. e4 Bg4 12. Nd4 Nxe4 13. dxe4 Bxd4 14. Qxd4 e5 15. Qxd6 exf4 16. Qxf4 Be6 17. Rfd1 Qb4 18. Qf6 Qxb2 19. Rab1 Qc2 20. Rbc1 Qb2 21. h4 Qb6 22. h5 Bg4 23. Qxb6 axb6 24. f3 Be6 25. h6 Bxa2 26. Rd7 Be6 27. Rxb7 Rfc8 28. Kh2 Kf8 29. Rxb6 Ra5 30. Ne2 Rxc1 31. Nxc1 Rh5+ 32. Kg1 Rxh6 33. g4 g5 34. Nd3 Kg7 35. Rb7 Rh3 36. Ne5 Kf6 37. Kg2 Rh6 38. Nd3 Rg6 39. e5+ Kg7 40. Kg3 Rh6 41. Nf2 Rh4 42. Ne4 h6 43. Nf6 h5 44. Rb8 hxg4 45. fxg4 Rh8 46. Rxh8 Kxh8 47. Ne4 Bd5 48. Nxg5 Kg7 49. Kf4 Kg6 50. Nh3 f6 51. exf6 Kxf6 52. Nf2 Kg6 53. Nd3 Be6 54. g5 Kg7 55. Ke5 Ba2 56. Nf4 Bb1 57. Kd4 Kf7 58. Ke5 Kg7 59. Ng2 Kg6 60. Kf4 Kh5 61. Nh4 Bc2 62. Nf3 Bb1 63. Ne5 Bc2 64. Nf3 Bb1 65. Ne1 Be4 66. Kxe4 Kxg5 1/2-1/2


[Site "https://www.chess.com"]